AoeStats
← Wren

Four Lakes

509412610Analyzed
1v1 RM · 4d ago on Sep 26, 2026· 32m 2s· 2 players
Game mode
Random Map
Map size
Tiny (2 player)
Population
200
Speed
Normal
Resources
Standard
Victory
Conquest
Starting age
Dark Age
Ending age
Imperial Age
RankedLock teamsTeams togetherTeam positionsShared explorationLock speedFull tech treeHidden civsTurbo modeCheats
Victory
Defeat
🇧🇷 Japanese · Brazil
872
+17
🇬🇧 Portuguese · United Kingdom
895
-17
ederadriano01
1:54 Loom
11:24 Feudal Age
13:15 Forging
12:57 Man-at-Arms
14:42 Scale Mail Armor
15:15 Town Watch
15:58 Fishing Lines
24:06 Castle Age
24:10 Fletching
25:42 Iron Casting
24:51 Pikeman
26:59 Wheelbarrow
Wren
4:30 Loom
12:47 Feudal Age
14:13 Wheelbarrow
13:28 Double-Bit Axe
13:42 Fishing Lines
19:50 Castle Age
17:49 Horse Collar
20:42 Forging
21:42 Bloodlines
21:42 Scale Barding Armor
22:47 Stone Mining
27:53 Iron Casting
31:07 Bow Saw
31:01 Gold Mining
32:01 Hand Cart
Connection lost

Rejoining the realm…

Still unreachable

The connection could not be restored.

Session expired

The server has moved on; the page needs a fresh start.